 Dungeon Crawl Stone Soup version 0.30-b1-2-g02819fbbbe (webtiles) character file.

Game seed: 4237924585403127914

6562 Metae the Fighter (level 10, -2/91 HPs)
             Began as a Minotaur Fighter on June 27, 2023.
             Was a Follower of Uskayaw.
             Slain by a komodo dragon (6 damage)
             ... on level 1 of the Lair of Beasts on June 28, 2023.
             The game lasted 00:22:41 (9021 turns).

Metae the Fighter (Minotaur Fighter)                Turns: 9021, Time: 00:22:41

Health: -2/91      AC: 20    Str: 26    XL:     10   Next: 70%
Magic:  12/12      EV: 11    Int:  5    God:    Uskayaw [*.....]
Gold:   698        SH:  6    Dex: 12    Spells: 9/9 levels left

rFire   . . .        B - +0 short sword (drain)
rCold   . . .        c - +0 buckler
rNeg    . . .        D - +8 chain mail of Light {Dex+3}
rPois   .            (helmet restricted)
rElec   .            f - +0 cloak
rCorr   .            (no gloves)
SInv    .            (no boots)
Will    .....        (no amulet) Stlth
                     (no ring)
HPRegen 0.35/turn    (no ring)
MPRegen 0.13/turn

%: no passive effects
@: no status effects
A: horns 2, retaliatory headbutt
a: Renounce Religion, Stomp


You were on level 1 of the Lair of Beasts.
You worshipped Uskayaw.
Uskayaw was noncommittal.
You visited 3 branches of the dungeon, and saw 10 of its levels.
You also visited: Bailey.

You collected 698 gold pieces.

Inventory:

Hand Weapons
 a - a +0 rapier
 b - a +0 dagger of venom
 B - a +0 short sword of draining (weapon)
Missiles
 n - 17 boomerangs
 s - a throwing net
 t - 25 poisoned darts
 C - 3 silver javelins (quivered)
Armour
 c - a +0 buckler (worn)
 f - a +0 cloak (worn)
 y - a +2 scale mail of willpower
 D - the +8 chain mail of Light (worn) {Dex+3}
   (You took it off an orc warrior on level 4 of the Dungeon)

   Dex:       It affects your dexterity (+3).
Jewellery
 E - a ring of magical power
Wands
 J - a wand of roots (9)
Scrolls
 e - 12 scrolls of teleportation
 g - 2 scrolls of noise {unknown}
 h - 2 scrolls of magic mapping {unknown}
 i - 6 scrolls of enchant armour {unknown}
 k - a scroll of amnesia {unknown}
 l - a scroll of silence {unknown}
 m - 5 scrolls of poison {unknown}
 q - a scroll of torment {unknown}
 G - 4 scrolls of identify {unknown}
 H - a scroll of vulnerability {unknown}
 I - a scroll of enchant weapon {unknown}
Potions
 d - 2 potions of might
 j - 2 potions of flight {unknown}
 o - a potion of invisibility {unknown}
 p - 4 potions of heal wounds {unknown}
 r - 3 potions of curing {unknown}
 u - 3 potions of lignification {unknown}
 v - a potion of haste {unknown}
 w - 2 potions of brilliance {unknown}
 x - a potion of resistance {unknown}
 z - 2 potions of attraction {unknown}
 A - a potion of berserk rage {unknown}
 F - a potion of magic {unknown}
 K - a potion of mutation {unknown}


   Skills:
 + Level 9.2 Fighting
 + Level 7.8 Short Blades
 + Level 9.1 Armour
 + Level 7.4 Dodging
 + Level 9.1 Shields
 + Level 5.3 Invocations


You had 9 spell levels left.
You didn't know any spells.
Your spell library contained the following spells:

 Spells                   Type           Power      Damage    Failure   Level
 Shock                    Conj/Air       0%         1d3       94%         1
 Ensorcelled Hibernation  Hex/Ice        0%         N/A       98%         2
 Lesser Beckoning         Tloc           0%         N/A       98%         2
 Poisonous Vapours        Pois/Air       0%         N/A       98%         2
 Sublimation of Blood     Necr           0%         N/A       98%         2
 Wereblood                Tmut           0%         N/A       98%         2
 Gell's Gravitas          Tloc           0%         N/A       100%        3
 Mephitic Cloud           Conj/Pois/Air  0%         N/A       100%        3
 Portal Projectile        Hex/Tloc       0%         N/A       100%        3
 Spider Form              Tmut/Pois      0%         N/A       100%        3
 Swiftness                Air            0%         N/A       100%        3
 Teleport Other           Tloc           0%         N/A       100%        3
 Tukima's Dance           Hex            0%         N/A       100%        3
 Airstrike                Air            0%         2d(0-16)  100%        4
 Anguish                  Hex/Necr       0%         N/A       100%        4
 Blade Hands              Tmut           0%         N/A       100%        5
 Freezing Cloud           Conj/Ice/Air   0%         6-21      100%        5
 Dispersal                Tloc           0%         N/A       100%        6
 Summon Hydra             Summ           0%         N/A       100%        7


Dungeon Overview and Level Annotations

Branches:
Dungeon (8/15)             Temple (1/1) D:4            Lair (1/5) D:8
 Bailey (visited)

Altars:
Ashenzari
Cheibriados
Dithmenos
Elyvilon
Fedhas
Gozag
Hepliaklqana
Kikubaaqudgha
Makhleb
Nemelex Xobeh
Okawaru
Qazlal
Ru
Sif Muna
Trog
Uskayaw
Vehumet
Wu Jian
Xom
Yredelemnul
Zin
The Shining One


Innate Abilities, Weirdness & Mutations

You have a pair of horns on your head.
You reflexively headbutt those who attack you in melee.


Message History

Fannar is severely wounded.
The ice beast hits you. The ice beast freezes you!
* * * LOW HITPOINT WARNING * * *
Uskayaw will force your foes to helplessly watch your dance.
Uskayaw prepares the audience for your solo!
The helpless Fannar fails to defend themself.
You hit Fannar. You drain Fannar. You headbutt Fannar.
Fannar is almost dead.
The helpless Fannar fails to defend themself.
You puncture Fannar!
Fannar is almost dead.
The ice beast is no longer paralysed.
The ice beast closely misses you.
The helpless Fannar fails to defend themself.
You puncture Fannar!
You kill Fannar!
The ice beast disappears in a puff of smoke!
Uskayaw will force your foes to share their pain.
Your Armour skill increases to level 9!
Your Shields skill increases to level 9!
You start resting.
A komodo dragon comes into view.
A komodo dragon is nearby!
A komodo dragon is nearby!
Items here: ) = [ †.
Okay, then.
You closely miss the komodo dragon.
You headbutt the komodo dragon, but do no damage.
The komodo dragon bites you!
* * * LOW HITPOINT WARNING * * *
You hit the komodo dragon but do no damage.
You drain the komodo dragon.
The komodo dragon is lightly wounded.
You hit the komodo dragon but do no damage.
The komodo dragon is lightly wounded.
The komodo dragon bites you!!
* * * LOW HITPOINT WARNING * * *
You hit the komodo dragon but do no damage.
The komodo dragon is lightly wounded.
The komodo dragon bites you.
You die...

... ....... ... ......
..###....#.#..##
.......#..........#
#...........#.....#
#......#..........#
#.....>.....#.....#
#......#....#.....#...
#......#....+.@.......
+......+......l...#...
#.........).#+.#......
##.#..##..............
.....................
........$.............
......................
.. ..............)....
. ..................


You could see a komodo dragon (drained).

Vanquished Creatures
  Fannar (Lair:1)
  An orc knight (Bailey)
  Joseph (D:8)
  The ghost of zielscheibe the Changer, a novice DsTm (D:4)
  A hornet (D:8)
  3 yaks (D:8)
  4 humans (D:6)
  Duvessa (D:5)
  A black bear (D:5)
  5 orc warriors
  2 ice beasts
  3 ogres
  3 sky beasts
  8 kobold brigands
  2 bullfrogs
  2 gnoll sergeants (D:7)
  4 scorpions
  4 wights (D:8)
  Dowan (D:5)
  A howler monkey (D:7)
  An electric eel (D:8)
  4 hounds
  A jelly (D:5)
  2 orc priests
  3 gnoll boudas
  3 iguanas
  6 orc wizards
  A sleepcap (D:6)
  2 mummies
  22 gnolls
  8 adders
  A shadow imp (D:6)
  5 white imps
  An ufetubus (D:5)
  A worm (D:2)
  A dart slug (D:4)
  25 orcs
  3 bats
  5 endoplasms
  3 giant cockroaches
  13 goblins
  11 hobgoblins
  16 kobolds
  7 ball pythons
  3 frilled lizards
  2 hobgoblin zombies (D:8)
  A kobold zombie (D:8)
  An orc zombie (D:8)
  4 rats
205 creatures vanquished.

Vanquished Creatures (others)
  A fungus (Lair:1)
  15 plants
16 creatures vanquished.

Grand Total: 221 creatures vanquished

Notes
Turn   | Place    | Note
-------+----------+-------------------------------------------
     0 | D:1      | Metae the Minotaur Fighter began the quest for the Orb.
     0 | D:1      | Reached XP level 1. HP: 19/19 MP: 0/0
   189 | D:1      | Reached XP level 2. HP: 15/27 MP: 1/1
   504 | D:1      | Reached skill level 1 in Dodging
   815 | D:2      | Reached XP level 3. HP: 33/33 MP: 2/2
  1309 | D:2      | Reached XP level 4. HP: 40/40 MP: 3/3
  1639 | D:3      | Found a sparkling altar of Nemelex Xobeh.
  2017 | D:3      | Found a stormy altar of Qazlal.
  2134 | D:3      | Reached XP level 5. HP: 36/47 MP: 4/4
  2490 | D:4      | Found a broken altar of Ashenzari.
  2748 | D:4      | Found a staircase to the Ecumenical Temple.
  2765 | D:4      | Noticed an ogre
  2780 | Temple   | Entered the Ecumenical Temple
  2809 | Temple   | Became a worshipper of Uskayaw the Reveller
  2834 | D:4      | Reached * piety under Uskayaw
  2842 | D:4      | Killed an ogre
  2843 | D:4      | Reached skill level 5 in Fighting
  2843 | D:4      | Reached skill level 5 in Armour
  2843 | D:4      | Reached XP level 6. HP: 18/56 MP: 5/5
  3185 | D:4      | Reached skill level 5 in Shields
  3529 | D:5      | Entered Level 5 of the Dungeon
  3540 | D:5      | Reached ** piety under Uskayaw
  3610 | D:5      | Noticed an ice beast
  3621 | D:5      | Killed an ice beast
  3622 | D:5      | Reached XP level 7. HP: 47/61 MP: 6/6
  4276 | D:5      | Reached *** piety under Uskayaw
  4481 | D:5      | Found a runed translucent gate.
  4481 | D:5      | Identified the +8 chain mail of Light {Dex+3}
  4481 | D:5      | Noticed zielscheibe's ghost (novice DsTm)
  4482 | D:5      | Found a runed translucent gate.
  4483 | D:5      | Found a runed translucent gate.
  4569 | D:5      | Noticed Duvessa
  4570 | D:5      | Noticed Dowan
  4585 | D:5      | Killed Duvessa
  4598 | D:5      | Killed Dowan
  4599 | D:5      | Reached skill level 5 in Short Blades
  4599 | D:5      | Reached XP level 8. HP: 5/67 MP: 7/7
  5395 | D:4      | Killed zielscheibe's ghost
  5396 | D:4      | Reached skill level 1 in Invocations
  5713 | D:6      | Reached skill level 5 in Dodging
  5724 | D:6      | Reached **** piety under Uskayaw
  5959 | D:6      | Reached ***** piety under Uskayaw
  5963 | D:6      | Reached XP level 9. HP: 60/79 MP: 9/9
  5976 | D:6      | Reached ****** piety under Uskayaw
  6999 | D:7      | Found a snail-covered altar of Cheibriados.
  7399 | D:7      | Found the +5 woodcutter's axe
  7515 | D:7      | Found a sacrificial altar of Ru.
  7515 | D:7      | Found a radiant altar of Vehumet.
  7675 | D:8      | Found an ornate altar of the Wu Jian Council.
  7710 | D:8      | Reached XP level 10. HP: 80/88 MP: 12/12
  7905 | D:8      | Noticed Joseph
  7921 | D:8      | Killed Joseph
  7975 | D:8      | Found a flagged portal.
  8011 | Bailey   | Entered a bailey
  8163 | Bailey   | Noticed an orc knight
  8164 | Bailey   | Found a burning altar of Makhleb.
  8191 | Bailey   | Killed an orc knight
  8192 | Bailey   | Reached skill level 5 in Invocations
  8539 | D:8      | Found a staircase to the Lair.
  8614 | D:8      | Found an iron altar of Okawaru.
  8614 | D:8      | Found a glowing golden altar of the Shining One.
  8909 | Lair:1   | Entered Level 1 of the Lair of Beasts
  8934 | Lair:1   | Noticed Fannar
  8975 | Lair:1   | Killed Fannar
  9020 | Lair:1   | HP: 3/91 [komodo dragon (18)]
  9021 | Lair:1   | Slain by a komodo dragon

Illustrated notes

Levels and vault maps discovered:
D:1:      onia_arrival_mini_spirals, layout_loops_ring, columned_hall_lemuel,
          due_unseen_surprise
D:2:      layout_loops_ring, serial_bayou_lagoon_a, chequers_decorated_corner
D:3:      layout_loops_cross, mainiacjoe_overflow_cross_hatched,
          nicolae_overflow_crystal_walls
D:4:      layout_cave_pods, evilmike_ruin_ashenzari, minmay_temple_entry_statues
D:5:      layout_basic, biasface_ghost_orc_armoury, uniq_duvessa
D:6:      layout_basic, minmay_ruffians
D:7:      layout_cave_pools, slow_altar_1, gammafunk_temple_overflow_statue,
          nicolae_grassy_gnolls
D:8:      layout_cave_pools, nzn_wu_jian_council_hall, nicolae_overflow_squiral,
          lair_entry_dummy, enter_bailey_5, serial_column_ruins,
          column_ruins_hut, column_ruins_circle_medium,
          column_ruins_open_medium, column_ruins_open_tiny, column_ruins_grid_4,
          column_ruins_grid_1, column_ruins_corridor_straight,
          column_ruins_open_medium, minmay_mini_ossuary, uniq_joseph
Temple:   nicolae_temple_ecumenical_triangle
Lair:1:   layout_regular_city, infiniplex_staircase_pool, serial_bayou_shore_a,
          serial_bayou_shore_b, uniq_fannar

Skill      XL: |  1  2  3  4  5  6  7  8  9 10 |
---------------+-------------------------------+-----
Dodging        | 1 2 3 4 5 6 7 |  7.4
Fighting       | 4 5 6 7 8 9 |  9.2
Armour         | 4 5 6 7 8 9 |  9.1
Shields        | 4 5 6 7 8 9 |  9.1
Short Blades   | 3 4 5 6 7 |  7.8
Invocations    | 2 4 5 |  5.3

Action                     |  1- 3 |  4- 6 |  7- 9 | 10-12 || total
---------------------------+-------+-------+-------+-------++-------
  Melee: Rapier            |    26 |       |       |       ||    26
         Headbutt          |    20 |    21 |    88 |    41 ||   170
         Dagger            |    99 |   132 |   127 |       ||   358
         Short sword       |       |       |   357 |   186 ||   543
  Throw: Javelin           |       |       |     2 |       ||     2
 Invoke: Stomp             |       |       |     2 |       ||     2
    Use: Scroll            |       |       |       |     1 ||     1
   Stab: Paralysed         |       |       |    11 |    11 ||    22
 Armour: Chain mail        |    60 |    54 |   241 |    61 ||   416
         Scale mail        |       |       |    27 |       ||    27
  Dodge: Dodged            |    33 |    38 |   217 |    79 ||   367
  Block: Buckler           |    22 |    20 |   130 |    39 ||   211
